 Dungeon Crawl Stone Soup version 0.27-a0-1321-gd358eaa319 (webtiles) character file.

Game seed: 4301311759049397623

3682 BlueGoblin the Covert (level 10, -2/77 HPs)
             Began as a Gnoll Brigand on June 22, 2021.
             Was a Believer of Dithmenos.
             Slain by an iguana (9 damage)
             ... on level 7 of the Dungeon.
             The game lasted 00:29:51 (10238 turns).

BlueGoblin the Covert (Gnoll Brigand)              Turns: 10238, Time: 00:29:52

Health: -2/77      AC:  5    Str: 10    XL:     10   Next: 13%
Magic:  17/17      EV: 15    Int: 11    God:    Dithmenos [**....]
Gold:   205        SH:  0    Dex: 17    Spells: 19/19 levels left

rFire    . . .     SeeInvis +   a - +2 dagger
rCold    . . .     Faith    .   (no shield)
rNeg     . . .     Spirit   .   f - +0 steam dragon scales
rPois    .         Reflect  .   p - +0 helmet
rElec    .         Harm     .   c - +0 cloak
rCorr    .         Rampage  .   x - +2 pair of gloves
Will     .....                  h - +0 pair of boots
Stlth    ++++++....             (no amulet)
HPRegen  0.22/turn              j - ring of see invisible
MPRegen  0.15/turn              I - ring of flight

@: about to teleport, corroded, flying, wreathed by umbra
A: fangs 1, strong nose, distributed training
a: Renounce Religion, Shadow Step


You were on level 7 of the Dungeon.
You worshipped Dithmenos.
Dithmenos was pleased with you.
You visited 1 branch of the dungeon, and saw 7 of its levels.

You collected 370 gold pieces.
You spent 165 gold pieces at shops.

Inventory:

Hand Weapons
 a - a +2 dagger (weapon)
 b - a +2 long sword of protection
 e - a +1 vampiric dagger
 C - a +0 hunting sling
Missiles
 d - 26 poisoned darts (quivered)
 g - 234 stones
 n - a curare-tipped dart
 o - 105 arrows
 s - 8 silver javelins
 u - 79 bolts
 A - 7 javelins
 B - 38 sling bullets
 H - 2 boomerangs
Armour
 c - a +0 cloak (worn)
 f - +0 steam dragon scales (worn)
 h - a +0 pair of boots (worn)
 p - a +0 helmet (worn)
 v - a +0 robe
 x - a +2 pair of gloves (worn)
Jewellery
 i - a ring of wizardry
 j - a ring of see invisible (left hand)
 m - the ring "Legeug" {Wiz rF++ Dex+3 Stlth+}
   (You found it on level 6 of the Dungeon)

   [ring of wizardry]

   It improves your spell success rate.
   It affects your dexterity (+3).
   It greatly protects you from fire.
   It makes you more stealthy.
 I - a ring of flight (right hand)
 L - an amulet of magic regeneration
Wands
 q - a wand of charming (11)
 J - a wand of flame (12)
 M - a wand of digging (6)
Scrolls
 z - 2 scrolls of amnesia
 E - a scroll of blinking {unknown}
 F - a scroll of fog {unknown}
 G - 2 scrolls of vulnerability {unknown}
 K - 2 scrolls of enchant armour {unknown}
Potions
 l - 2 potions of brilliance
 r - 3 potions of attraction
 w - 2 potions of flight
 D - a potion of mutation


   Skills:
 + Level 6.8 Fighting
 + Level 6.8 Short Blades
 + Level 5.0 Long Blades
 + Level 5.0 Axes
 + Level 5.0 Maces & Flails
 + Level 5.0 Polearms
 + Level 5.0 Staves
 + Level 5.0 Slings
 + Level 5.0 Bows
 + Level 5.0 Crossbows
 + Level 6.8 Throwing
 + Level 5.0 Armour
 + Level 5.6 Dodging
 + Level 9.3 Stealth
 + Level 5.0 Shields
 + Level 5.0 Unarmed Combat
 + Level 5.0 Spellcasting
 + Level 4.1 Conjurations
 + Level 4.1 Hexes
 + Level 4.1 Summonings
 + Level 4.1 Necromancy
 + Level 4.1 Translocations
 + Level 4.1 Transmutations
 + Level 4.1 Fire Magic
 + Level 4.1 Ice Magic
 + Level 4.1 Air Magic
 + Level 4.1 Earth Magic
 + Level 4.1 Poison Magic
 + Level 5.4 Invocations
 + Level 5.0 Evocations


You had 19 spell levels left.
You didn't know any spells.
Your spell library contained the following spells:

 Spells                   Type           Power      Damage    Failure   Level
 Corona                   Hex            12%        N/A       4%          1
 Foxfire                  Conj/Fire      44%        2x1d6     4%          1
 Ensorcelled Hibernation  Hex/Ice        22%        N/A       6%          2
 Confusing Touch          Hex            11%        N/A       12%         3
 Conjure Flame            Conj/Fire      11%        6-21      12%         3
 Dazzling Flash           Conj/Hex       22%        N/A       12%         3
 Gell's Gravitas          Tloc           5%         N/A       12%         3
 Inner Flame              Hex/Fire       11%        N/A       12%         3
 Tukima's Dance           Hex            11%        N/A       12%         3
 Petrify                  Tmut/Erth      11%        N/A       36%         4
 Sticky Flame             Conj/Fire      11%        2d3       36%         4
 Fireball                 Conj/Fire      5%         3d5       73%         5
 Metabolic Englaciation   Hex/Ice        5%         N/A       73%         5
 Yara's Violent Unravell  Hex/Tmut       5%         3d4       73%         5


Dungeon Overview and Level Annotations

Branches:
Dungeon (7/15)             Temple (0/1) D:4

Altars:
Dithmenos
Nemelex Xobeh
Qazlal
Vehumet
Yredelemnul

Shops:
D:1 *   D:5 (   D:7 *

Annotations:
D:6 , 2 transporters, endorz's ghost, novice MiBe
D:7 Maggie


Innate Abilities, Weirdness & Mutations

You have very sharp teeth.
Your uncanny sense of smell can sniff out nearby items.
Your experience applies equally to all skills.


Message History

You reach down and open the door.
There is an open door here.
A scorpion is nearby!
Throw: 2 boomerangs
Press: ? - help, Shift-Dir - straight line, f - scorpion
Aim: a scorpion (wandering, hasn't noticed you, 66% to hit)
You throw a boomerang. The boomerang hits the scorpion.
The scorpion is lightly wounded.
Throw: 8 javelins (silver)
Press: ? - help, Shift-Dir - straight line, f/p - scorpion
Aim: a scorpion (lightly wounded, 66% to hit)
You throw a silver javelin.
The silver javelin pierces through the scorpion!
You kill the scorpion!
Dithmenos accepts your kill.
s - 8 silver javelins (gained 1)
g - 234 stones (gained 25)
You now have 205 gold pieces (gained 14).
An iguana comes into view.
Your +2 long sword of protection goes still.
a - a +2 dagger (weapon)
An acid dragon comes into view.
The acid dragon roars!
The iguana hisses angrily.
You hit the iguana.
The iguana is lightly wounded.
The iguana closely misses you. The acid dragon spits acid at you.
The splash of acid hits you!! The acid corrodes you!
You are splashed with acid!
The acid dragon spits acid at you. The splash of acid hits you!
You are splashed with acid!
The acid dragon spits acid at you. The splash of acid hits you.
* * * LOW HITPOINT WARNING * * *
The acid corrodes you!
You are splashed with acid!
* * * LOW HITPOINT WARNING * * *
Okay, then.
As you read the scroll of teleportation, it crumbles to dust.
You feel strangely unstable. The iguana bites you!
You die...

............
##+###############'####.
#.................. #.
#.............#########.
#.............+......)'.
#.............#########.
#.............# ##....
#.............# #.....
#.....l@..###.# #.....
#.........# #.# #.....
#.........# #.#####.....
#.........# #...........
#D........# #...........
#.........# #...........
#.........# ##..........
#.........# #..........
#..........


You could see an acid dragon (catching breath) and an iguana.

Vanquished Creatures
  Grinder (D:4)
  Eustachio (D:4)
  7 yaks
  A steam dragon (D:4)
  Menkaure (D:7)
  Duvessa (D:6)
  Edmund (D:4)
  2 water moccasins
  An ice beast (D:5)
  2 orc warriors
  2 ogres (D:5)
  A kobold brigand (D:6)
  A bullfrog (D:7)
  A water moccasin zombie (D:5)
  Dowan (D:6)
  A scorpion (D:7)
  3 water moccasin skeletons
  Crazy Yiuf (D:6)
  2 jellies (D:6)
  2 hounds (D:5)
  2 orc priests
  A bullfrog skeleton (D:5)
  Natasha (thrice) (D:2 D:1)
  Terence (D:2)
  2 iguanas
  9 orc wizards
  4 gnolls (D:5)
  8 adders
  2 worms
  An adder skeleton (D:4)
  An adder zombie (D:5)
  A dart slug (D:4)
  17 orcs
  4 bats
  11 endoplasms
  3 giant cockroaches
  6 goblins
  8 hobgoblins
  5 jackals
  5 quokkas
  10 ball pythons
  5 frilled lizards
  14 kobolds
  4 rats
160 creatures vanquished.

Vanquished Creatures (others)
  A bullfrog skeleton (D:5)
  An orc (D:4)
2 creatures vanquished.

Grand Total: 162 creatures vanquished

Notes
Turn   | Place    | Note
-------+----------+-------------------------------------------
     0 | D:1      | BlueGoblin the Gnoll Brigand began the quest for the Orb.
     0 | D:1      | Reached XP level 1. HP: 20/20 MP: 1/1
     5 | D:1      | Found Byguon's Assorted Antiques.
    39 | D:1      | Reached XP level 2. HP: 20/26 MP: 2/2
   659 | D:1      | Reached XP level 3. HP: 31/31 MP: 3/3
   956 | D:2      | Found a stormy altar of Qazlal.
   956 | D:2      | Noticed Terence
   962 | D:2      | Killed Terence
   963 | D:2      | Reached skill level 1 in Long Blades
   963 | D:2      | Reached skill level 1 in Axes
   963 | D:2      | Reached skill level 1 in Maces & Flails
   963 | D:2      | Reached skill level 1 in Polearms
   963 | D:2      | Reached skill level 1 in Staves
   963 | D:2      | Reached skill level 1 in Slings
   963 | D:2      | Reached skill level 1 in Bows
   963 | D:2      | Reached skill level 1 in Crossbows
   963 | D:2      | Reached skill level 1 in Armour
   963 | D:2      | Reached skill level 1 in Shields
   963 | D:2      | Reached skill level 1 in Unarmed Combat
   963 | D:2      | Reached skill level 1 in Spellcasting
   963 | D:2      | Reached skill level 1 in Invocations
   963 | D:2      | Reached skill level 1 in Evocations
  1013 | D:2      | Noticed Natasha
  1135 | D:2      | Killed Natasha
  1136 | D:2      | Reached XP level 4. HP: 22/38 MP: 5/5
  1187 | D:2      | Noticed Natasha
  1302 | D:1      | Killed Natasha
  1303 | D:1      | Reached skill level 1 in Conjurations
  1303 | D:1      | Reached skill level 1 in Hexes
  1303 | D:1      | Reached skill level 1 in Summonings
  1303 | D:1      | Reached skill level 1 in Necromancy
  1303 | D:1      | Reached skill level 1 in Translocations
  1303 | D:1      | Reached skill level 1 in Transmutations
  1303 | D:1      | Reached skill level 1 in Fire Magic
  1303 | D:1      | Reached skill level 1 in Ice Magic
  1303 | D:1      | Reached skill level 1 in Air Magic
  1303 | D:1      | Reached skill level 1 in Earth Magic
  1303 | D:1      | Reached skill level 1 in Poison Magic
  1720 | D:1      | Noticed Natasha
  1730 | D:1      | Killed Natasha
  1731 | D:1      | Reached XP level 5. HP: 43/43 MP: 5/7
  2032 | D:2      | Noticed a golden eye
  2049 | D:2      | Found a faded altar of an unknown god.
  2052 | D:2      | Noticed a shining eye
  2052 | D:2      | Noticed a golden eye
  2052 | D:2      | Noticed a shining eye
  2376 | D:3      | Found a shadowy altar of Dithmenos.
  2379 | D:3      | Became a worshipper of Dithmenos the Shadowed
  3417 | D:3      | Reached skill level 8 in Stealth
  3417 | D:3      | Reached XP level 6. HP: 29/50 MP: 8/8
  3870 | D:4      | Noticed Edmund
  3906 | D:4      | Killed Edmund
  3907 | D:4      | Reached skill level 5 in Fighting
  3907 | D:4      | Reached skill level 5 in Short Blades
  3907 | D:4      | Reached skill level 5 in Throwing
  4118 | D:4      | Noticed Grinder
  4136 | D:4      | Paralysed by Grinder for 3 turns
  4139 | D:4      | Killed Grinder
  4140 | D:4      | Reached XP level 7. HP: 47/56 MP: 10/10
  4163 | D:4      | Reached * piety under Dithmenos
  4223 | D:4      | Found a staircase to the Ecumenical Temple.
  4530 | D:4      | Noticed a yak
  4547 | D:4      | Noticed a steam dragon
  4574 | D:4      | Killed a yak
  4588 | D:4      | Killed a steam dragon
  4589 | D:4      | Reached XP level 8. HP: 12/63 MP: 12/12
  4963 | D:4      | Noticed Eustachio
  5007 | D:4      | Killed Eustachio
  5493 | D:5      | Entered Level 5 of the Dungeon
  5916 | D:5      | Reached ** piety under Dithmenos
  6321 | D:5      | Reached XP level 9. HP: 69/69 MP: 14/14
  6342 | D:5      | Found a radiant altar of Vehumet.
  6350 | D:5      | Found a stormy altar of Qazlal.
  6406 | D:5      | Found Hiqionwi's Weapon Shoppe.
  6409 | D:5      | Bought 2 boomerangs for 12 gold pieces
  6409 | D:5      | Bought 21 arrows for 50 gold pieces
  6409 | D:5      | Bought 23 bolts for 55 gold pieces
  7013 | D:6      | Noticed Dowan
  7013 | D:6      | Noticed Duvessa
  7441 | D:6      | Killed Duvessa
  7459 | D:6      | Killed Dowan
  7734 | D:6      | Reached skill level 5 in Dodging
  7830 | D:6      | Identified the ring "Legeug" {Wiz rF++ Dex+3 Stlth+}
  7849 | D:6      | Found a runed translucent door.
  7850 | D:6      | Noticed Crazy Yiuf
  7939 | D:6      | Found a transporter.
  7940 | D:6      | Found a transporter.
  7940 | D:6      | Identified the +7 dire flail of Taym Cis {flame, rN+}
  7940 | D:6      | Noticed endorz's ghost (novice MiBe)
  7962 | D:6      | Found a basalt altar of Yredelemnul.
  8034 | D:6      | Found a sparkling altar of Nemelex Xobeh.
  8087 | D:6      | Reached skill level 9 in Stealth
  8541 | D:6      | Killed Crazy Yiuf
  8659 | D:7      | Found Holipim's General Store.
  8675 | D:7      | Bought a potion of curing for 48 gold pieces
  8816 | D:7      | Noticed Menkaure
  8845 | D:7      | Killed Menkaure
  9146 | D:7      | Reached skill level 5 in Invocations
  9407 | D:6      | Reached XP level 10. HP: 71/77 MP: 17/17
  9546 | D:7      | Noticed Maggie
  9965 | D:7      | Reached skill level 5 in Long Blades
  9965 | D:7      | Reached skill level 5 in Axes
  9965 | D:7      | Reached skill level 5 in Maces & Flails
  9965 | D:7      | Reached skill level 5 in Polearms
  9965 | D:7      | Reached skill level 5 in Staves
  9965 | D:7      | Reached skill level 5 in Slings
  9965 | D:7      | Reached skill level 5 in Bows
  9965 | D:7      | Reached skill level 5 in Crossbows
  9965 | D:7      | Reached skill level 5 in Armour
  9965 | D:7      | Reached skill level 5 in Shields
  9965 | D:7      | Reached skill level 5 in Unarmed Combat
  9965 | D:7      | Reached skill level 5 in Spellcasting
  9965 | D:7      | Reached skill level 5 in Evocations
 10238 | D:7      | Slain by an iguana

Illustrated notes

Levels and vault maps discovered:
D:1:      minmay_arrival_checkered_box, layout_basic, serial_shops,
          nicolae_diamond_shop
D:2:      layout_rooms, hellmonk_ecumenical_altar_watching_god, basic_altar,
          uniq_terence, uniq_natasha
D:3:      layout_loops_ring, lemuel_crystal_altar, minmay_fractal_squares_5
D:4:      layout_loops_corners, temple_pool_b, dk_noncrumbling_3,
          minmay_divided_ellipse, uniq_edmund, uniq_eustachio, uniq_grinder
D:5:      layout_gridville, minitemple, serial_shops, kennysheep_mini_moat,
          lemuel_old_faithful
D:6:      layout_basic, kennysheep_mini, overflow_temple_1_default,
          gammafunk_ghost_smash, uniq_duvessa, uniq_crazy_yiuf_cottage
D:7:      layout_basic, serial_shops, nicolae_stop_n_shop_1, uniq_menkaure,
          uniq_maggie

Skill      XL: |  1  2  3  4  5  6  7  8  9 10 |
---------------+-------------------------------+-----
Long Blades    | 1 2 3 4 5 |  5.0
Axes           | 1 2 3 4 5 |  5.0
Maces & Flails | 1 2 3 4 5 |  5.0
Polearms       | 1 2 3 4 5 |  5.0
Staves         | 1 2 3 4 5 |  5.0
Slings         | 1 2 3 4 5 |  5.0
Bows           | 1 2 3 4 5 |  5.0
Crossbows      | 1 2 3 4 5 |  5.0
Armour         | 1 2 3 4 5 |  5.0
Shields        | 1 2 3 4 5 |  5.0
Unarmed Combat | 1 2 3 4 5 |  5.0
Spellcasting   | 1 2 3 4 5 |  5.0
Invocations    | 1 2 3 4 5 |  5.4
Evocations     | 1 2 3 4 5 |  5.0
Conjurations   | 1 2 3 4 |  4.1
Hexes          | 1 2 3 4 |  4.1
Summonings     | 1 2 3 4 |  4.1
Necromancy     | 1 2 3 4 |  4.1
Translocations | 1 2 3 4 |  4.1
Transmutations | 1 2 3 4 |  4.1
Fire Magic     | 1 2 3 4 |  4.1
Ice Magic      | 1 2 3 4 |  4.1
Air Magic      | 1 2 3 4 |  4.1
Earth Magic    | 1 2 3 4 |  4.1
Poison Magic   | 1 2 3 4 |  4.1
Dodging        | 3 4 5 |  5.6
Stealth        | 8 9 |  9.3
Fighting       | 5 6 |  6.8
Short Blades   | 5 6 |  6.8
Throwing       | 5 6 |  6.8

Action                   |  1- 3 |  4- 6 |  7- 9 | 10-12 || total
-------------------------+-------+-------+-------+-------++-------
Melee: Dagger            |    85 |    96 |    76 |     3 ||   260
       Bite              |     5 |    15 |    53 |    13 ||    86
       Long sword        |       |    91 |   346 |    56 ||   493
       Punch             |       |       |     3 |     4 ||     7
Throw: Stone             |     3 |       |       |       ||     3
       Dart              |     4 |    11 |     2 |       ||    17
       Javelin           |       |     9 |     1 |     1 ||    11
       Boomerang         |       |       |       |     1 ||     1
  Use: Scroll            |     2 |     2 |     7 |     1 ||    12
       Potion            |       |     1 |    13 |     2 ||    16
 Stab: Sleeping          |     4 |     7 |    13 |     1 ||    25
       Distracted        |     1 |     1 |     2 |       ||     4
Armor: Robe              |    12 |    56 |    19 |       ||    87
       Skin              |       |    13 |    18 |       ||    31
       Steam dragon scal |       |       |   131 |    14 ||   145
Dodge: Dodged            |    43 |   109 |   308 |    35 ||   495
       Rpst.: Long sword |       |    14 |    64 |    13 ||    91

Table legend: (Time is in decaauts)
 A = Elapsed time spent in this place.
 B = Non-inter-level travel time spent in this place.
 C = Inter-level travel time spent in this place.
 D = Time resting spent in this place.
 E = Time spent auto-exploring this place.
 F = Levels seen in this place.
 G = Mean time per level.
                   A        B        C        D        E       F      G
               +--------+--------+--------+--------+--------+-----+--------+
         Total |  10242 |   9924 |    318 |   3398 |   4464 |   7 | 1463.1 |
       Dungeon |  10242 |   9924 |    318 |   3398 |   4464 |   7 | 1463.1 |
               +--------+--------+--------+--------+--------+-----+--------+

Top non-repeatable levels by time:
     D:6: 2497 daAuts
     D:4: 1674 daAuts
     D:1: 1616 daAuts
     D:7: 1295 daAuts
     D:3: 1254 daAuts
     D:5: 968 daAuts
     D:2: 935 daAuts
